 Dungeon Crawl Stone Soup version 0.30.1-3-gfc49f6343a (webtiles) character file.

Game seed: 7332880791067108191

97 Drunn the Digger (level 4, 0/31 HPs)
             Began as a Demonspawn Earth Elementalist on Aug 7, 2023.
             Slain by an orc priest
             ... wielding a +2 vampiric hand axe
              (13 damage)
             ... on level 3 of the Dungeon.
             The game lasted 00:03:19 (1901 turns).

Drunn the Digger (Demonspawn Earth Elementalist)    Turns: 1901, Time: 00:03:19

Health: 0/31       AC:  2    Str:  8    XL:     4   Next: 42%
Magic:  3/8        EV: 17    Int: 17    God:
Gold:   107        SH:  4    Dex: 15    Spells: 3/9 levels left

rFire   . . .        g - +1 dagger (pain)
rCold   . . .        n - orb {mayhem}
rNeg    . . .        a - +0 robe
rPois   .            (no helmet)
rElec   .            (no cloak)
rCorr   .            (no gloves)
SInv    .            (no boots)
Will    .....        (no amulet)
Stlth   ++           o - +5 ring of evasion
HPRegen 0.25/turn    (no ring)
MPRegen 0.11/turn

%: mayhem
@: no status effects
A: large bone plates 1, weakness stinger 2
a: no special abilities


You were on level 3 of the Dungeon.
You visited 1 branch of the dungeon, and saw 3 of its levels.

You collected 107 gold pieces.

Inventory:

Hand Weapons
 g - a +1 dagger of pain (weapon)
Armour
 a - a +0 robe (worn)
 n - an orb of mayhem (worn)
Jewellery
 o - a +5 ring of evasion (left hand)
Scrolls
 c - a scroll of amnesia {unknown}
 d - a scroll of fog {unknown}
 e - 2 scrolls of noise {unknown}
 f - a scroll of enchant armour {unknown}
 h - 4 scrolls of enchant weapon {unknown}
 i - a scroll of teleportation {unknown}
 j - a scroll of blinking {unknown}
 k - 4 scrolls of identify {unknown}
 m - a scroll of immolation {unknown}
 p - a scroll of magic mapping {unknown}
Potions
 b - a potion of magic
 l - 3 potions of curing {unknown}
 q - 2 potions of degeneration {unknown}


   Skills:
 + Level 0.5 Fighting
 + Level 0.5 Short Blades
 + Level 0.3 Maces & Flails
 + Level 2.0 Dodging
 + Level 2.2 Stealth
 + Level 3.0 Spellcasting
 + Level 1.0 Transmutations
 + Level 3.5 Earth Magic


You had 3 spell levels left.
You knew the following spells:

 Your Spells              Type           Power      Damage    Failure   Level
a - Sandblast             Erth           28%        2d8       4%          1
b - Passwall              Tmut/Erth      8%         N/A       11%         2
c - Stone Arrow           Conj/Erth      16%        3d8       26%         3

Your spell library contained the following spells:

 Spells                   Type           Power      Damage    Failure   Level
 Confusing Touch          Hex            2%         N/A       45%         3
 Ozocubu's Armour         Ice            2%         N/A       45%         3
 Petrify                  Tmut/Erth      10%        N/A       56%         4
 Leda's Liquefaction      Hex/Erth       4%         N/A       63%         4
 Discord                  Hex            1%         N/A       100%        8


Dungeon Overview and Level Annotations

Branches:
Dungeon (3/15)

Altars:


Innate Abilities, Weirdness & Mutations

You are partially covered in large bone plates. (SH +4)
You have a tail ending in a sharp stinger.


Message History

The orc priest is moderately wounded.
The orc priest barely misses you.
The blast of sand hits the orc priest.
The orc priest is severely wounded.
The orc priest barely misses you.
The orc priest hits you with a +2 vampiric hand axe.
The orc priest draws strength from your wounds!
The orc priest barely misses you.
You are too injured to fight recklessly!
You are too injured to fight recklessly!
You are too injured to fight recklessly!
You hit the orc priest.
The orc priest is heavily wounded.
The orc priest closely misses you.
You hit the orc priest but do no damage.
You tail-slap the orc priest, but do no damage.
The orc priest is heavily wounded.
The orc priest closely misses you.
The orc priest hits you with a +2 vampiric hand axe.
The orc priest draws strength from your wounds!
You hit the orc priest but do no damage.
You tail-slap the orc priest.
The orc priest is severely wounded.
The orc priest completely misses you.
You hit the orc priest but do no damage.
The orc priest is severely wounded.
The orc priest closely misses you. The orc priest misses you.
You hit the orc priest but do no damage.
You tail-slap the orc priest.
The orc priest is severely wounded.
The orc priest barely misses you.
You hit the orc priest.
The orc priest is almost dead.
The orc priest barely misses you.
You hit the orc priest but do no damage.
You tail-slap the orc priest.
The orc priest is almost dead.
The orc priest misses you.
The orc priest hits you with a +2 vampiric hand axe!
You die...

#. #. #. #o #.
#)#### ## #.)..#
.###...$.....##o#
.....##########@#
#..######.....#
#.....††..#####
#..##.###^#
#..##†# #.#
#.....# #.#
#..##.# ###
#..#### #..#


You could see a neutral orc priest (fast, strong, insane).

Vanquished Creatures
  An orc wizard (D:3)
  3 adders
  A dart slug (D:1)
  6 endoplasms
  2 giant cockroaches (D:1)
  A goblin (D:1)
  6 hobgoblins
  2 jackals (D:1)
  2 quokkas (D:1)
  4 ball pythons
  2 bats (D:1)
  3 frilled lizards
  4 kobolds
  3 rats
40 creatures vanquished.

Vanquished Creatures (collateral kills)
  An orc (D:3)
1 creature vanquished.

Grand Total: 41 creatures vanquished

Notes
Turn   | Place    | Note
-------+----------+-------------------------------------------
     0 | D:1      | Drunn the Demonspawn Earth Elementalist began the quest for
                  | the Orb.
     0 | D:1      | Reached XP level 1. HP: 13/13 MP: 3/3
   317 | D:1      | Reached skill level 1 in Transmutations
   470 | D:1      | Gained mutation: You have a small tail. [demonic ancestry]
   470 | D:1      | Reached XP level 2. HP: 15/19 MP: 5/5
   999 | D:1      | Got the Discursus on the Tundra and the Fair Folk
  1050 | D:1      | Gained mutation: You have a tail ending in a sharp stinger.
                  | [demonic ancestry]
  1050 | D:1      | Reached XP level 3. HP: 24/24 MP: 6/6
  1082 | D:1      | Learned a level 2 spell: Passwall
  1086 | D:1      | Learned a level 3 spell: Stone Arrow
  1161 | D:2      | Found a faded altar of an unknown god.
  1837 | D:3      | Gained mutation: You are partially covered in large bone
                  | plates. (SH +4) [demonic ancestry]
  1837 | D:3      | Reached XP level 4. HP: 31/31 MP: 4/8
  1901 | D:3      | Slain by an orc priest

Illustrated notes

Levels and vault maps discovered:
D:1:      eino_arrival_tree_alley, layout_basic, minmay_misc_feat_encased
D:2:      layout_loops_ring, basic_ecumenical_altar, chequers_decorated_corner,
          chequers_serial_rivers_small_3
D:3:      layout_basic, portal_sewer_entry_f, gammafunk_ghost_arena

Skill      XL: |  1  2  3  4 |
---------------+-------------+-----
Transmutations | 1 |  1.0
Earth Magic    | 3 |  3.5
Stealth        | 2 |  2.2
Dodging        | 2 |  2.0
Spellcasting   | 3 |  3.0
Fighting       | |  0.5
Short Blades   | |  0.5
Maces & Flails | |  0.3

Action                     |  1- 3 |  4- 6 || total
---------------------------+-------+-------++-------
  Melee: Dire flail        |    11 |       ||    11
         Dagger            |    19 |     8 ||    27
         Tailslap          |     4 |     5 ||     9
   Cast: Sandblast         |    39 |     7 ||    46
   Stab: Sleeping          |     8 |       ||     8
 Armour: Robe              |     9 |     1 ||    10
  Dodge: Dodged            |    37 |    14 ||    51
  Block: Orb               |       |     1 ||     1
